 Dungeon Crawl Stone Soup version 0.20-a0-850-ge5a7832 (webtiles) character file.

29 Alarkh the Skirmisher (level 3, 29/29 HPs)
             Began as a Demonspawn Monk on Mar 10, 2017.
             Quit the game on level 1 of the Dungeon.
             The game lasted 00:00:56 (1492 turns).

Alarkh the Skirmisher (Demonspawn Monk)             Turns: 1492, Time: 00:00:56

Health: 29/29      AC:  3    Str: 11    XL:     3   Next: 1%
Magic:  3/3        EV: 13    Int: 12    God:
Gold:   48         SH:  0    Dex: 15    Spells: 2/2 levels left

rFire    . . .     SeeInvis .   a - +0 hand axe
rCold    . . .     Gourm    .   b - +0 robe
rNeg     . . .     Faith    .   (no shield)
rPois    .         Spirit   .   (helmet restricted)
rElec    .         Reflect  .   (no cloak)
rCorr    .         Harm     .   (no gloves)
MR       .....                  d - +0 pair of boots
Stlth    ++........             (no amulet)
Regen    0.1/turn               (no ring)
MPRegen  0.1/turn               (no ring)

@: no status effects
A: horns 1, spiny 1
a: no special abilities


You were on level 1 of the Dungeon.
You were not hungry.

You visited 1 branch of the dungeon, and saw 1 of its levels.

You collected 48 gold pieces.

Inventory:

Hand Weapons
 a - a +0 hand axe (weapon)
Armour
 b - a +0 robe (worn)
 d - a +0 pair of boots (worn)
Scrolls
 e - a scroll of identify {unknown}
 h - 2 scrolls of remove curse {unknown}
 i - a scroll of blinking {unknown}
 j - a scroll of immolation {unknown}
 m - a scroll of amnesia {unknown}
 n - a scroll of teleportation {unknown}
Potions
 f - 2 potions of flight {unknown}
 g - a potion of lignification {unknown}
Comestibles
 c - a bread ration
 k - a royal jelly
 l - 9 chunks of flesh


   Skills:
 + Level 3.2 Fighting
 * Level 3.2 Axes
 + Level 0.5 Armour
 + Level 3.0 Dodging
 - Level 1.7 Stealth


You had 2 spell levels left.
You didn't know any spells.

Dungeon Overview and Level Annotations

Branches:
Dungeon (1/15)

Altars:


Innate Abilities, Weirdness & Mutations

You have a pair of small horns on your head.
You are partially covered in sharp spines.


Message History

A goblin is nearby!
A goblin is nearby!
A goblin is nearby!
The goblin shouts!
The goblin closely misses you.
You closely miss the goblin. The goblin closely misses you.
You closely miss the goblin. Your headbutt misses the goblin.
The goblin hits you.
You barely miss the goblin. The goblin completely misses you.
You hit the goblin.
You kill the goblin!
You have reached level 3!
Your experience leads to an increase in your attributes!
Increase (S)trength, (I)ntelligence, or (D)exterity?
You feel clever.
Your demonic ancestry asserts itself...
Sharp spines emerge from parts of your body.
l - 9 chunks of flesh (gained 1)
You see here a goblin skeleton. x2
n - a scroll labeled XUAPSEXK PITA Are you sure you want to abandon this character and quit the game? (Confirm with "yes".)

######## ###
#.รท.##.####.#
#...##......###########
#......####.....)......
#.#.#..# #..#########.
...#.#..# #..#
#.###.#..####..# # #.
#.#.@#.....#.# #
#.#..#.###.#.# #(#
#.#......)...# #.#
#.##.#.###.##########
#.# ....#.............
#.####
#.#.#.#.##########
#.#..###...#.#..
#########.#....###.#
###
........#.#......###


There were no monsters in sight!

Vanquished Creatures
  3 dart slugs (D:1)
  A giant cockroach (D:1)
  5 hobgoblins (D:1)
  A bat (D:1)
  3 frilled lizards (D:1)
  3 goblins (D:1)
  4 kobolds (D:1)
  4 rats (D:1)
24 creatures vanquished.

Notes
Turn   | Place    | Note
-------+----------+-------------------------------------------
     0 | D:1      | Alarkh the Demonspawn Monk began the quest for the Orb.
     0 | D:1      | Reached XP level 1. HP: 18/18 MP: 1/1
   488 | D:1      | Gained mutation: You have a pair of small horns on your head. [demonic ancestry]
   488 | D:1      | Reached XP level 2. HP: 24/24 MP: 2/2
  1466 | D:1      | Gained mutation: You are partially covered in sharp spines. [demonic ancestry]
  1466 | D:1      | Reached XP level 3. HP: 27/29 MP: 3/3
  1492 | D:1      | Quit the game

Vault maps used:
D:1:      lemuel_arrival_funnel, kennysheep_boxes

Skill      XL: |  1  2 |
---------------+-------+-----
Axes           | 3 |  3.2
Dodging        | 3 |  3.0
Fighting       | |  3.2
Armour         | |  0.5
Stealth        | |  1.7

Action                   || total
-------------------------++-------
Melee: Hand axe          ||    89
       Headbutt          ||     6
  Use: Potion            ||     1
 Stab: Sleeping          ||     2
  Eat: Chunk             ||     2
Armor: Robe              ||    11
Dodge: Dodged            ||    69
